Map: Lerilak Crest

Players

Grumm - Winner!

  • Race: Protoss Protoss
  • League: Gold

Jake

  • Race: Zerg Zerg
  • League: Gold

VOD

Have the link to the VOD?

Description

Time

  • Played on: Feb. 18, 2016, 10:21 p.m.
  • Length: 20:39
Show
View Real Time Build Order
Export as new Build Order

Grumm Protoss - Winner!

Build Orders: Nexus First 

Get SALT Encoding   

  12  0:01  Probe (Chrono Boost)  
  13  0:11  Probe (Chrono Boost)  
  14  0:27  Pylon  
  14  0:36  Probe (Chrono Boost)  
  15  0:55  Nexus  
  15  0:58  Probe (Chrono Boost)  
  16  1:09  Probe (Chrono Boost)  
  17  1:20  Probe (Chrono Boost)  
  18  1:27  Gateway  
  18  1:30  Forge  
  18  1:53  Gateway  
  18  1:55  Pylon  
  18  2:05  Photon Cannon  
  18  2:08  Gateway  
  18  2:12  Probe (Chrono Boost)  
  18  2:17  Zealot  
  18  2:20  Probe (Chrono Boost)  
  22  2:30  Probe (Chrono Boost)  
  22  2:31  Probe (Chrono Boost)  
  23  2:40  Probe (Chrono Boost)  
  23  2:41  Probe (Chrono Boost)  
  25  2:49  Cybernetics Core  
  25  2:52  Pylon  
  25  2:54  Assimilator  
  25  2:56  Probe (Chrono Boost)  
  26  3:05  Probe (Chrono Boost)  
  27  3:06  Probe (Chrono Boost)  
  27  3:11  Assimilator  
  28  3:15  Assimilator, Probe (Chrono Boost)  
  28  3:17  Probe (Chrono Boost)  
  30  3:26  Gateway, Probe (Chrono Boost)  
  31  3:31  Probe (Chrono Boost)  
  32  3:36  Probe (Chrono Boost)  
  33  3:42  Probe (Chrono Boost)  
  33  3:47  Assimilator, Probe (Chrono Boost)  
  35  3:52  Probe (Chrono Boost)  
  36  3:56  Zealot x2  
  36  3:57  Probe (Chrono Boost)  
  36  3:58  Adept  
  43  4:03  Probe (Chrono Boost)  
  43  4:05  Warp Gate (Chrono Boost)  
  43  4:08  Probe (Chrono Boost)  
  45  4:13  Probe (Chrono Boost)  
  45  4:15  Nexus  
  46  4:22  Protoss Ground Weapons Level 1 (Chrono Boost)  
  46  4:31  Probe x2  
  48  4:33  Adept  
  48  4:34  Adept  
  52  4:43  Probe  
  53  4:46  Pylon  
  53  4:53  Probe  
  54  5:04  Probe  
  54  5:05  Probe  
  56  5:09  Adept x3  
  56  5:14  Stargate  
  62  5:27  Mothership Core, Adept, Probe  
  67  5:33  Twilight Council  
  67  5:36  Pylon  
  67  5:39  Probe  
  67  5:40  Robotics Facility  
  68  5:43  Pylon  
  68  5:49  Probe, Photon Cannon  
  69  5:50  Probe  
  69  5:51  Probe, Protoss Ground Armor Level 1 (Chrono Boost)  
  71  5:58  Void Ray (Chrono Boost)  
  71  6:01  Probe x2  
  71  6:03  Probe  
  78  6:11  Probe  
  78  6:13  Probe  
  78  6:14  Resonating Glaives  
  78  6:17  Probe  
  81  6:22  Probe  
  82  6:26  Pylon, Probe  
  82  6:30  Probe  
  82  6:31  Pylon  
  82  6:32  Probe  
  84  6:38  Probe  
  74  6:54  Immortal (Chrono Boost)  
  74  6:56  Stalker x3  
  74  6:57  Stalker  
  72  7:11  Void Ray  
  76  7:24  Probe  
  77  7:34  Immortal (Chrono Boost)  
  81  7:37  Pylon, Stalker  
  81  7:38  Protoss Ground Weapons Level 2  
  81  7:39  Stalker  
  85  7:48  Nexus  
  85  8:06  Gateway  
  85  8:10  Gateway  
  85  8:11  Photon Cannon  
  85  8:12  Pylon  
  85  8:15  Photon Cannon  
  85  8:23  Assimilator  
  85  8:27  Stargate  
  85  8:28  Stargate  
  85  8:39  Stalker x3  
  85  8:40  Stalker  
  93  8:42  Immortal (Chrono Boost)  
  97  8:51  Fleet Beacon  
  93  9:04  Assimilator  
  93  9:06  Adept x2  
  93  9:07  Adept x2  
  101  9:15  Photon Cannon  
  101  9:26  Void Ray  
  101  9:30  Zealot x3  
  101  9:31  Zealot x2  
  115  9:41  Charge  
  115  9:45  Protoss Air Weapons Level 1  
  115  9:48  Adept  
  117  10:04  Observer (Chrono Boost)  
  88  10:25  Pylon  
  88  10:27  Pylon  
  82  10:30  Stalker x4  
  82  10:31  Stalker x2  
  82  10:33  Void Ray, Immortal (Chrono Boost)  
  100  10:37  Gateway  
  98  10:47  Probe  
  99  10:51  Protoss Ground Weapons Level 3  
  99  10:53  Forge  
  99  10:58  Pylon  
  99  11:11  Immortal (Chrono Boost)  
  103  11:17  Tempest  
  107  11:19  Tempest  
  111  11:29  Tempest  
  115  11:34  Probe  
  115  11:38  Adept x3  
  120  11:55  Zealot  
  120  12:01  Blink  
  122  12:03  Immortal (Chrono Boost)  
  122  12:06  Tempest  
  94  12:38  Stalker x4  
  94  12:39  Stalker x3  
  94  12:58  Robotics Bay  
  94  13:04  Probe, Dark Shrine  
  94  13:05  Probe x2  
  97  13:18  Nexus  
  97  13:21  Pylon  
  97  13:22  Adept x2  
  97  13:23  Pylon  
  97  13:26  Pylon  
  101  13:36  Assimilator  
  101  13:41  Photon Cannon  
  101  13:53  Gateway  
  101  13:57  Photon Cannon  
  101  14:02  Zealot  
  101  14:03  Zealot x3  
  101  14:06  Sentry  
  111  14:15  Extended Thermal Lance  
  111  14:29  Colossus (Chrono Boost)  
  117  15:02  Gateway  
  117  15:04  Pylon  
  117  15:11  Protoss Shields Level 1  
  117  15:12  Assimilator, Dark Templar x2  
  117  15:13  Dark Templar x4  
  129  15:15  Dark Templar  
  129  15:18  Archon x2  
  129  15:19  Archon  
  131  15:23  Void Ray  
  135  15:39  Observer (Chrono Boost)  
  136  15:46  Nexus  
  136  15:52  Pylon  
  136  15:56  Pylon  
  136  15:58  Protoss Ground Armor Level 2  
  136  16:04  Assimilator  
  136  16:10  Assimilator  
  136  16:18  Dark Templar  
  136  16:19  Dark Templar x5  
  118  16:45  Dark Templar x2  
  118  16:46  Dark Templar  
  96  17:23  Dark Templar x3  
  96  17:24  Zealot  
  96  17:25  Zealot x5  
  96  17:27  Archon  
  94  17:54  Void Ray x2  
  102  18:03  Gateway  
  102  18:05  Gateway  
  102  18:08  Gateway  
  102  18:14  Photon Cannon  
  102  18:24  Nexus  
  102  18:25  Zealot x5  
  102  18:26  Dark Templar  
  102  18:27  Dark Templar x2  
  104  18:58  Stalker x2  
  104  18:59  Stalker x5  
  104  19:01  Adept x2  
  114  19:19  Void Ray x2  
  121  19:27  Assimilator  
  121  19:31  Assimilator  
  121  19:35  Pylon  
  113  20:00  Dark Templar  
  113  20:01  Dark Templar x3  
  113  20:02  Zealot x3  
  113  20:03  Zealot x2  
  113  20:05  Archon  
  129  20:07  Archon  
Show
View Real Time Build Order
Export as new Build Order

Jake Zerg 

Build Orders: Pool First 

Get SALT Encoding   

  12  0:04  Drone  
  13  0:13  Overlord  
  13  0:18  Drone  
  14  0:22  Extractor  
  14  0:24  Drone  
  15  0:34  Drone  
  16  0:37  Drone  
  17  0:50  Drone, Spawning Pool  
  17  0:58  Drone  
  18  1:07  Extractor  
  18  1:08  Drone  
  18  1:23  Hatchery  
  18  1:25  Drone  
  18  1:41  Zergling x2, Queen  
  21  1:50  Overlord  
  21  1:52  Drone  
  22  2:30  Drone x3  
  22  2:31  Metabolic Boost  
  25  2:39  Queen x2  
  25  2:41  Drone  
  25  2:43  Drone  
  31  2:47  Overlord  
  31  3:01  Overlord  
  31  3:02  Drone x4  
  34  3:39  Zergling x6  
  37  3:43  Drone x4  
  37  3:44  Drone x2  
  37  3:48  Hatchery  
  42  3:52  Roach Warren  
  42  3:53  Extractor  
  42  3:54  Extractor  
  39  3:58  Drone  
  39  4:00  Drone x2  
  39  4:01  Drone  
  39  4:02  Extractor  
  42  4:03  Drone x3  
  42  4:04  Drone  
  46  4:17  Drone x2  
  48  4:24  Drone  
  48  4:28  Queen  
  51  4:33  Lair  
  51  4:38  Drone, Overlord x2  
  52  4:56  Overlord x2  
  50  5:24  Roach x7  
  50  5:25  Roach x3  
  50  5:27  Extractor  
  69  5:30  Roach x5  
  78  5:37  Drone x2  
  80  5:47  Glial Reconstitution  
  80  5:54  Roach x4  
  88  6:10  Evolution Chamber x2  
  86  6:12  Roach x2  
  86  6:13  Overlord x6  
  86  6:14  Overlord x3  
  80  7:10  Roach  
  80  7:11  Roach x3  
  80  7:13  Spore Crawler  
  80  7:14  Spore Crawler  
  82  7:20  Hydralisk Den  
  79  7:37  Drone x13  
  80  7:38  Drone  
  80  7:39  Drone x4  
  97  7:48  Hydralisk x4  
  105  7:54  Drone x2  
  105  7:57  Zergling x2  
  108  8:02  Drone, Hatchery  
  108  8:07  Overlord x2  
  108  8:15  Extractor  
  108  8:16  Drone x3  
  108  8:17  Drone x2  
  112  8:24  Hydralisk x6  
  123  8:35  Burrow, Pneumatized Carapace  
  123  8:47  Hydralisk  
  123  8:48  Hydralisk x3  
  131  8:58  Hydralisk x3, Roach  
  131  8:59  Roach  
  141  9:12  Lurker Den  
  141  9:22  Ravager x8, Extractor  
  148  9:25  Extractor  
  148  9:26  Drone x8  
  148  9:27  Drone, Roach  
  148  9:28  Roach  
  148  9:29  Overlord x2  
  160  9:45  Infestation Pit  
  159  9:48  Queen x2  
  159  9:52  Zerg Melee Weapons Level 1  
  163  9:57  Zerg Ground Armor Level 1  
  115  10:25  Roach x4  
  115  10:26  Roach x19  
  115  10:27  Roach x8  
  158  10:33  Roach x3  
  152  10:43  Roach  
  152  10:44  Roach x3  
  152  10:48  Tunneling Claws  
  160  10:58  Drone  
  160  11:01  Hive  
  146  11:09  Ravager x4  
  146  11:11  Zergling x2  
  146  11:12  Zergling x14  
  154  11:31  Spine Crawler  
  152  11:42  Spore Crawler  
  152  11:45  Spine Crawler x2  
  144  11:51  Spore Crawler  
  141  11:55  Hydralisk x8  
  141  11:56  Hydralisk x5  
  141  12:00  Overlord x5  
  167  12:05  Pathogen Glands  
  167  12:25  Hydralisk x5  
  167  12:26  Hydralisk x2  
  123  12:46  Hydralisk  
  123  12:47  Hydralisk x7  
  139  12:55  Drone x2  
  141  13:15  Ultralisk Cavern  
  141  13:18  Nydus Network  
  139  13:24  Spine Crawler  
  139  13:25  Spine Crawler, Spore Crawler  
  139  13:26  Spore Crawler  
  135  13:37  Hydralisk  
  135  13:38  Hydralisk x12  
  135  13:40  Hydralisk  
  163  13:44  Hydralisk x2  
  163  13:47  Hydralisk  
  169  13:58  Hydralisk x4, Roach  
  169  13:59  Hatchery, Hydralisk  
  180  14:28  Zerg Melee Weapons Level 2  
  180  14:34  Zerg Ground Armor Level 2  
  180  14:40  Chitinous Plating  
  180  14:46  Spire  
  180  14:49  Drone x2  
  181  15:01  Drone x7  
  189  15:21  Lurker x4  
  189  15:22  Lurker x2  
  194  15:28  Muscular Augments  
  194  15:36  Spire  
  194  15:37  Spire  
  192  15:47  Drone x2  
  194  15:56  Drone x3  
  197  15:57  Drone x3  
  200  16:11  Extractor  
  200  16:12  Extractor  
  129  16:33  Ultralisk  
  129  16:34  Ultralisk x6  
  124  16:42  Ultralisk  
  124  16:45  Zergling x14  
  124  16:46  Zergling x24  
  149  16:55  Overseer  
  110  17:24  Ultralisk  
  110  17:25  Ultralisk  
  110  17:26  Zergling x2  
  110  17:27  Zergling x6  
  110  17:28  Corruptor x2  
  118  17:49  Corruptor x3  
  112  17:53  Zergling x2  
  112  17:54  Zergling x18  
  116  18:01  Corruptor x2  
  119  18:09  Corruptor  
  119  18:10  Drone  
  115  18:16  Corruptor  
  111  18:22  Corruptor  
  75  18:45  Corruptor  
  75  18:46  Drone x2, Corruptor x3  
  80  18:59  Corruptor  
  74  19:05  Zergling x16  
  74  19:09  Corruptor  
  80  19:14  Corruptor  
  56  19:41  Corruptor x2  
  37  20:02  Zergling x6  
Tags
 
Add a new tag
Caveats
  • Supply blocks, unpowered buildings, or Contaminate may cause inaccurate times.
  • Supply counts are checked every 10 seconds.